 Seeded DCSS version 0.30-a0-738-g116ff8c4af (webtiles) character file.

Game seed: 394332929563463235 (custom seed)

13003 timneilson the Protected (level 12, -2/72 HPs)
             Began as a Gargoyle Fighter on Feb 3, 2023.
             Was a High Priest of Okawaru.
             Slain by Rupert
             ... wielding a +2 executioner's axe of flaming
              (3 damage)
             ... on level 12 of the Dungeon.
             The game lasted 00:25:01 (11444 turns).

timneilson the Protected (Gargoyle Fighter)        Turns: 11444, Time: 00:25:02

Health: -2/72      AC: 50    Str: 21    XL:     12   Next: 1%
Magic:  10/16      EV:  9    Int: 12    God:    Okawaru [*****.]
Gold:   685        SH:  9    Dex: 19    Spells: 11/11 levels left

rFire   . . .      SeeInvis .    w - +4 long sword (venom)
rCold   . . .      Faith    .    c - +0 buckler
rNeg    + + .      Spirit   .    E - +8 orange crystal plate armour {Archmagi, Int+3 Clar}
rPois   ∞          Reflect  .    C - +0 helmet
rElec   +          Harm     .    B - +1 cloak {Stlth+}
rCorr   .          Rampage  .    l - +1 pair of gloves "Icoeguhoe" {rN+}
Will    +....      Archmagi +    n - +0 pair of boots Stlth Clarity +
                                 x - amulet of regeneration
HPRegen 1.12/turn                k - ring of willpower
MPRegen 0.15/turn                s - +6 ring of dexterity

@: heroic, finesse-ful, studying Armour
A: sickness immunity, AC +8, negative energy resistance 1, electricity
resistance, torment resistance 1, petrification resistance
a: Renounce Religion, Heroism, Finesse, Duel


You were on level 12 of the Dungeon.
You worshipped Okawaru.
Okawaru was extremely pleased with you.
You visited 2 branches of the dungeon, and saw 13 of its levels.
You also visited: Sewer.

You collected 685 gold pieces.

Inventory:

Hand Weapons
 a - a +1 long sword of freezing
 w - a +4 long sword of venom (weapon)
Armour
 c - a +0 buckler (worn)
 l - the +1 pair of gloves "Icoeguhoe" (worn) {rN+}
   (You acquired it on level 3 of the Dungeon)

   rN:        It protects you from negative energy.
 n - a +0 pair of boots (worn)
 y - a +0 plate armour
 B - a +1 cloak of stealth (worn)
 C - a +0 helmet (worn)
 E - the +8 orange crystal plate armour (worn) {Archmagi, Int+3 Clar}
   (Okawaru gifted it to you on level 11 of the Dungeon)

   Int:       It affects your intelligence (+3).
   Clar:      It protects you against confusion.
Jewellery
 i - a ring of fire
 k - a ring of willpower (left hand)
 s - a +6 ring of dexterity (right hand)
 t - a ring of fire
 x - an amulet of regeneration (around neck)
 A - a ring of ice
Wands
 f - a wand of paralysis (4)
 u - a wand of mindburst (16)
 v - a wand of iceblast (13)
Scrolls
 d - a scroll of fog
 g - 2 scrolls of magic mapping
 h - 4 scrolls of teleportation
 m - 3 scrolls of enchant weapon
 q - 3 scrolls of silence
Potions
 b - 4 potions of mutation
 e - 3 potions of brilliance
 o - 2 potions of curing
 p - 2 potions of invisibility
 r - 2 potions of lignification
 z - a potion of attraction
 F - 2 potions of flight
Miscellaneous
 j - a lightning rod (4/4)


   Skills:
 + Level 7.5(12.5) Fighting
 * Level 8.3(13.3) Long Blades
 * Level 11.8(16.8) Armour
 + Level 5.1(10.1) Dodging
 * Level 10.4(15.4) Shields
 + Level 6.0 Invocations
 + Level 3.1 Evocations


You had 11 spell levels left.
You didn't know any spells.
Your spell library contained the following spells:

 Spells                   Type           Power      Damage    Failure   Level
 Kiss of Death            Conj/Necr      0%         2d5       100%        1
 Ensorcelled Hibernation  Hex/Ice        0%         N/A       100%        2
 Passwall                 Tmut/Erth      0%         N/A       100%        2
 Scorch                   Fire           0%         2d5       100%        2
 Confusing Touch          Hex            0%         N/A       100%        3
 Swiftness                Air            0%         N/A       100%        3
 Dispel Undead            Necr           0%         3d6       100%        4
 Flame Wave               Conj/Fire      0%         2d4       100%        4
 Summon Cactus Giant      Summ           Unusable   N/A       N/A         6

Dungeon Overview and Level Annotations

Branches:
Dungeon (12/15)            Temple (1/1) D:5            Lair (0/5) D:11
    Orc (0/2) D:9           Sewer (visited)

Altars:
Ashenzari
Cheibriados
Dithmenos
Elyvilon
Fedhas
Gozag
Hepliaklqana
Kikubaaqudgha
Makhleb
Nemelex Xobeh
Okawaru
Qazlal
Ru
Sif Muna
Trog
Uskayaw
Vehumet
Xom
Yredelemnul
The Shining One

Shops:
D:6 !

Annotations:
D:12 3 runed translucent doors, EmilyW's ghost, novice MiFi; Rupert


Innate Abilities, Weirdness & Mutations

You are immune to sickness and miasma.
Your stone body is resilient. (AC +8)
You are immune to poison.
You resist negative energy. (rN+)
You are resistant to electric shocks. (rElec)
You are resistant to unholy torment.
You are immune to petrification.


Message History

Rupert is lightly wounded.
You hit Rupert.
Rupert looks as sick as possible!
Rupert is lightly wounded.
Rupert barely misses you.
You barely miss Rupert.
Rupert is lightly wounded.
You hit Rupert.
Rupert looks as sick as possible!
Rupert is moderately wounded.
You block Rupert's attack.
You slash Rupert!
Rupert looks as sick as possible!
Rupert is moderately wounded.
You hit Rupert but do no damage.
Rupert is moderately wounded.
You slice Rupert!!
Rupert looks as sick as possible!
Rupert is heavily wounded.
Rupert hits you with a +2 executioner's axe of flaming!!
Rupert burns you.
You slash Rupert!
Rupert looks as sick as possible!
Rupert is heavily wounded.
You hit Rupert.
Rupert is severely wounded.
You slash Rupert!
Rupert looks as sick as possible!
Rupert is severely wounded.
Rupert roars madly and goes into a rage!
Rupert goes berserk!
You closely miss Rupert.
Rupert is severely wounded.
You hit Rupert.
Rupert is severely wounded.
Rupert hits you with a +2 executioner's axe of flaming!
Rupert burns you.
You slash Rupert!
Rupert looks as sick as possible!
Rupert is severely wounded.
Okay, then.
You slash Rupert!
Rupert looks as sick as possible!
Rupert is almost dead.
Rupert hits you with a +2 executioner's axe of flaming!!
* * * LOW HITPOINT WARNING * * *
Rupert burns you.
You die...

### ..# #.# #
#.####.# #.#...
#.#.######
#.@@......
#.#....###
##.####.#
####..#### ..
####....<...####.
.............[..
...........8####
###+++######....
......oooW.#####


You could see Rupert (berserk, extremely poisoned).

Vanquished Creatures
  3 two-headed ogres
  Amaemon (D:9)
  3 ugly things
  A cyclops (D:11)
  Maurice (D:9)
  An orange demon (D:9)
  An unseen horror (D:11)
  A gargoyle (D:10)
  A komodo dragon (D:10)
  4 shadows
  Sigmund (D:3)
  A wyvern (D:11)
  5 yaks
  2 wraiths
  A basilisk (D:11)
  A steam dragon (D:8)
  4 acid dragons
  5 water moccasins
  Duvessa (D:5)
  3 black bears
  2 sky beasts (D:7)
  5 orc warriors
  An ice beast (D:6)
  8 centaurs
  3 ogres
  6 kobold brigands
  A bullfrog (D:7)
  3 necrophages
  A gnoll sergeant (D:3)
  5 scorpions
  10 wights
  Dowan (D:5)
  A howler monkey (D:8)
  6 orc priests
  5 hounds
  3 jellies
  Crazy Yiuf (D:7)
  2 iguanas
  7 orc wizards
  8 gnolls
  7 adders
  A river rat (D:5)
  2 shadow imps (D:5)
  5 worms
  46 orcs
  7 ball pythons
  9 endoplasms
  3 giant cockroaches
  8 goblins
  4 hobgoblins
  3 quokkas
  3 bats
  3 frilled lizards
  39 kobolds
  8 rats
268 creatures vanquished.

Vanquished Creatures (others)
  5 plants
5 creatures vanquished.

Grand Total: 273 creatures vanquished

Notes
Turn   | Place    | Note
-------+----------+-------------------------------------------
     0 | D:1      | timneilson the Gargoyle Fighter began the quest for the
                  | Orb.
     0 | D:1      | Reached XP level 1. HP: 14/14 MP: 1/1
   196 | D:1      | Reached XP level 2. HP: 14/19 MP: 2/2
   829 | D:2      | Reached XP level 3. HP: 19/23 MP: 3/3
  1567 | D:2      | Reached XP level 4. HP: 28/28 MP: 4/4
  1902 | D:3      | Found an ancient bone altar of Kikubaaqudgha.
  1902 | D:3      | Found a burning altar of Makhleb.
  2144 | D:3      | Identified a scroll of acquirement
  2144 | D:3      | Acquired the +1 pair of gloves "Icoeguhoe" {rN+}
  2230 | D:4      | Reached skill level 4 in Armour
  2230 | D:4      | Reached skill level 1 in Dodging
  2339 | D:3      | Noticed Sigmund
  2385 | D:3      | Killed Sigmund
  2386 | D:3      | Reached XP level 5. HP: 33/33 MP: 5/5
  2386 | D:3      | Reached XP level 6. HP: 38/38 MP: 6/6
  2596 | D:4      | Noticed a black bear
  2603 | D:4      | Killed a black bear
  2604 | D:4      | Reached skill level 5 in Armour
  2604 | D:4      | Reached skill level 5 in Shields
  2815 | D:4      | Found a shimmering blue altar of Sif Muna.
  2929 | D:4      | Reached XP level 7. HP: 38/43 MP: 7/7
  3759 | D:5      | Entered Level 5 of the Dungeon
  3770 | D:5      | Found a staircase to the Ecumenical Temple.
  3776 | Temple   | Entered the Ecumenical Temple
  3855 | Temple   | Became a worshipper of Warmaster Okawaru
  4113 | D:5      | Found a glowing drain.
  4117 | Sewer    | Entered a sewer
  4698 | D:5      | Found a glowing golden altar of the Shining One.
  4709 | D:5      | Reached skill level 1 in Invocations
  4825 | D:5      | Reached XP level 8. HP: 45/48 MP: 8/8
  5301 | D:5      | Reached skill level 6 in Armour
  5326 | D:5      | Noticed Duvessa
  5326 | D:5      | Noticed Dowan
  5333 | D:5      | Killed Dowan
  5347 | D:5      | Killed Duvessa
  5503 | D:6      | Reached * piety under Okawaru
  5504 | D:6      | Reached skill level 5 in Fighting
  5751 | D:6      | Reached skill level 5 in Long Blades
  5886 | D:6      | Found a stormy altar of Qazlal.
  5888 | D:6      | Noticed a water elemental
  5889 | D:6      | Noticed an air elemental
  5914 | D:6      | Reached XP level 9. HP: 46/54 MP: 10/10
  6125 | D:6      | Reached skill level 7 in Armour
  6213 | D:6      | Reached ** piety under Okawaru
  6854 | D:6      | Found Eniy's Distillery.
  7535 | D:7      | Found a runed translucent door.
  7536 | D:7      | Noticed Crazy Yiuf
  7542 | D:7      | Killed Crazy Yiuf
  7751 | D:7      | Reached *** piety under Okawaru
  7834 | D:7      | Reached skill level 8 in Armour
  7989 | D:7      | Reached XP level 10. HP: 56/60 MP: 12/12
  8517 | D:8      | Identified the +4 war axe "Uriofeg" {protect, rC+}
  9100 | D:9      | Noticed Maurice
  9115 | D:9      | Killed Maurice
  9134 | D:8      | Acquired a manual of Armour
  9237 | D:9      | Reached **** piety under Okawaru
  9433 | D:9      | Noticed Amaemon
  9434 | D:9      | Noticed an orange demon
  9459 | D:9      | Killed Amaemon
  9460 | D:9      | Reached skill level 9 in Armour
  9470 | D:9      | Killed an orange demon
  9471 | D:9      | Reached skill level 1 in Evocations
  9520 | D:9      | Found a staircase to the Orcish Mines.
  9520 | D:9      | Noticed a two-headed ogre
  9536 | D:9      | Killed a two-headed ogre
  9559 | D:9      | Reached XP level 11. HP: 59/66 MP: 14/14
  9687 | D:9      | Reached skill level 5 in Invocations
  9799 | D:10     | Entered Level 10 of the Dungeon
  9810 | D:10     | Reached ***** piety under Okawaru
  9811 | D:10     | Reached skill level 10 in Armour
 10308 | D:10     | Noticed a white ugly thing
 10342 | D:10     | Killed a white ugly thing
 10521 | D:11     | Noticed a two-headed ogre
 10530 | D:11     | Killed a two-headed ogre
 10538 | D:11     | Reached skill level 11 in Armour
 10539 | D:11     | Noticed a brown ugly thing
 10558 | D:10     | Killed a brown ugly thing
 10559 | D:10     | Reached skill level 10 in Shields
 10591 | D:11     | Noticed a cyclops
 10595 | D:11     | Noticed a two-headed ogre
 10608 | D:11     | Killed a two-headed ogre
 10610 | D:11     | Killed a cyclops
 10668 | D:11     | Received a gift from Okawaru
 10669 | D:11     | Found the +8 orange crystal plate armour {Archmagi, Int+3
                  | Clar}
 10784 | D:11     | Noticed a white ugly thing
 10794 | D:11     | Killed a white ugly thing
 10795 | D:11     | Reached skill level 5 in Dodging
 11069 | D:11     | Found a staircase to the Lair.
 11086 | D:11     | Reached XP level 12. HP: 72/72 MP: 14/16
 11418 | D:12     | Noticed EmilyW's ghost (novice MiFi)
 11418 | D:12     | Found a runed translucent gate.
 11418 | D:12     | Found a runed translucent gate.
 11418 | D:12     | Found a runed translucent gate.
 11419 | D:12     | Identified the +8 plate armour "Rufus" {+Inv rF+++ rCorr}
 11426 | D:12     | Noticed Rupert
 11444 | D:12     | HP: 1/72 [Rupert/+2 executioner's axe of flaming (33)]
 11444 | D:12     | Slain by Rupert

Illustrated notes

Levels and vault maps discovered:
D:1:      matt_arrival_los_fun, layout_rooms, minmay_pentomino_r4
D:2:      layout_loops_corners, chequers_big_river
D:3:      minmay_door_path, layout_rooms, nicolae_overflow_two_pavilions,
          uniq_sigmund
D:4:      layout_basic, general_overflow_altar, lightli_minifort
D:5:      layout_gridville, nicolae_overflow_crystal_walls, temple_green,
          gup_sewer_entry_spiral, uniq_duvessa
D:6:      layout_basic, nicolae_qazlal_style_of_elements, serial_shops, shop,
          corexii_shack
D:7:      layout_loops_corners, uniq_crazy_yiuf_cottage
D:8:      layout_loops_corners
D:9:      layout_rooms, david_orc_5, uniq_amaemon, uniq_maurice
D:10:     layout_roguey, serial_glass, glass_columns_c, glass_columns_a,
          glass_columns_a, glass_columns_a, glass_columns_a, glass_columns_a,
          glass_columns_a, glass_columns_c, glass_columns_a, glass_columns_c,
          small_chamber_with_monster
D:11:     layout_stronghold, david_lair_generic, serial_column_ruins,
          column_ruins_corridor_dead_end, column_ruins_grid_1,
          column_ruins_columns_straight, column_ruins_open_tiny,
          column_ruins_open_small
D:12:     layout_basic, nicolae_trove_entry_crossroad,
          biasface_ghost_orc_armoury, uniq_rupert
Temple:   minmay_crystal_spiral_temple

Skill      XL: |  1  2  3  4  5  6  7  8  9 10 11 12 |
---------------+-------------------------------------+-----
Long Blades    | 2 3 4 5 6 7 8 |  8.3
Shields        | 4 5 6 8 9 10 | 10.4
Armour         | 4 5 6 8 9 11 | 11.8
Dodging        | 1 2 3 4 5 |  5.1
Fighting       | 4 5 6 7 |  7.5
Invocations    | 1 2 3 4 5 6 |  6.0
Evocations     | 1 3 |  3.1

Action                     |  1- 3 |  4- 6 |  7- 9 | 10-12 || total
---------------------------+-------+-------+-------+-------++-------
  Melee: Long sword        |   161 |   102 |   605 |   537 ||  1405
 Invoke: Heroism           |       |       |       |    12 ||    12
         Finesse           |       |       |       |     1 ||     1
  Evoke: Wand              |       |       |       |     2 ||     2
    Use: Scroll            |     4 |     9 |     9 |     6 ||    28
         Potion            |       |     3 |     6 |     7 ||    16
 Armour: Scale mail        |    18 |       |       |       ||    18
         Chain mail        |   104 |    65 |   418 |    56 ||   643
         Skin              |       |       |    11 |       ||    11
         Plate armour      |       |       |       |   165 ||   165
         Crystal plate arm |       |       |       |    75 ||    75
  Dodge: Dodged            |    69 |    31 |   226 |   170 ||   496
  Block: Buckler           |    42 |    14 |   179 |   177 ||   412

Table legend: (Time is in decaauts)
 A = Elapsed time spent in this place.
 B = Non-inter-level travel time spent in this place.
 C = Inter-level travel time spent in this place.
 D = Time resting spent in this place.
 E = Time spent auto-exploring this place.
 F = Levels seen in this place.
 G = Mean time per level.
                   A        B        C        D        E       F      G
               +--------+--------+--------+--------+--------+-----+--------+
         Total |  11745 |  11309 |    436 |    525 |   7004 |  14 |  838.9 |
       Dungeon |  11174 |  10813 |    361 |    525 |   6708 |  12 |  931.2 |
        Temple |    155 |     80 |     75 |      0 |      0 |   1 |  155.0 |
         Sewer |    415 |    415 |      0 |      0 |    296 |   1 |  415.0 |
               +--------+--------+--------+--------+--------+-----+--------+

Top non-repeatable levels by time:
     D:5: 1439 daAuts
     D:6: 1344 daAuts
     D:2: 1142 daAuts
     D:7: 1130 daAuts
     D:4: 1093 daAuts
     D:8: 1052 daAuts
     D:3: 933 daAuts
    D:11: 921 daAuts
     D:1: 708 daAuts
    D:10: 695 daAuts
     D:9: 694 daAuts
   Sewer: 415 daAuts
  Temple: 155 daAuts
    D:12: 17 daAuts
